 Dungeon Crawl Stone Soup version 0.20-b1 (webtiles) character file.

26 MydosGodOfBeginnings the Scratcher (level 2, -5/12 HPs)
             Began as a Felid Transmuter on May 18, 2017.
             Slain by a worm (9 damage)
             ... on level 2 of the Dungeon.
             The game lasted 00:03:00 (1103 turns).

MydosGodOfBeginnings the Scratcher (FeTm)           Turns: 1103, Time: 00:03:01

Health: -5/12      AC:  1    Str:  6    XL:     2   Next: 89%
Magic:  5/6        EV: 18    Int: 14    God:
Gold:   59         SH:  0    Dex: 16    Spells: 4/5 levels left
                                        Lives:  0   Deaths: 0

rFire    . . .     SeeInvis +     - Unarmed
rCold    . . .     Gourm    .   (shield unavailable)
rNeg     . . .     Faith    .   (armour unavailable)
rPois    .         Spirit   .   (helmet unavailable)
rElec    .         Reflect  .   (cloak unavailable)
rCorr    .         Harm     .   (gloves unavailable)
MR       .....                  (boots unavailable)
Stlth    ++........             (no amulet)
Regen    0.1/turn               (no ring)
MPRegen  0.1/turn               (no ring)

@: appendage (expiring), quick
A: no armour, no weapons or thrown items, stealth, claws 1, fangs 3, horns 2,
see invisible, carnivore 3, speed 1, shaggy fur 1, slow metabolism 1, sharp paws
a: End Transformation


You were on level 2 of the Dungeon.
You were not hungry.
You had grown temporary horns.
You visited 1 branch of the dungeon, and saw 2 of its levels.

You collected 59 gold pieces.

Inventory:

Missiles
 a - 34 arrows
Scrolls
 h - a scroll of remove curse {unknown}
Potions
 d - 2 potions of curing {unknown}
 e - a potion of haste {unknown}
 f - 2 potions of degeneration {unknown}
Books
 b - a book of Changes

   Spells                             Type                      Level
   a - Beastly Appendage              Transmutation                1
   b - Sticks to Snakes               Transmutation                2
   c - Spider Form                    Transmutation/Poison         3
   d - Ice Form                       Ice/Transmutation            4
   e - Blade Hands                    Transmutation                5
Comestibles
 c - a meat ration
 g - 3 royal jellies


   Skills:
 + Level 1.1 Fighting
 + Level 2.8 Dodging
 + Level 3.6 Unarmed Combat
 + Level 2.3 Spellcasting
 * Level 2.5 Transmutations


You had 4 spell levels left.
You knew the following spells:

 Your Spells              Type           Power        Failure   Level  Hunger
a - Beastly Appendage     Tmut           #.....       9%          1    #......


Dungeon Overview and Level Annotations

Branches:
Dungeon (2/15)

Altars:
Fedhas
Makhleb

Annotations:
D:2 1 transporter


Innate Abilities, Weirdness & Mutations

You cannot wear armour.
You are incapable of wielding weapons or throwing items.
Your paws allow you to move quietly. (Stealth)
You have sharp claws.
You have razor-sharp teeth.
You have supernaturally acute eyesight. (SInv)
You are carnivorous and can eat meat at any time.
You cover ground quickly.
You are covered in fur. (AC +1)
You have a slow metabolism.
Your sharp claws are effective at attacking unaware monsters.
You have a pair of horns on your head.


Message History

You barely miss the worm. You bite the worm.
The worm is lightly wounded.
The worm misses you.
You barely miss the worm. You headbutt the worm!
The worm is heavily wounded.
Your transformation is almost over.
You barely miss the worm.
The worm is heavily wounded.
The worm completely misses you.
You scratch the worm but do no damage.
The worm is heavily wounded.
You scratch the worm but do no damage.
The worm is heavily wounded.
The worm bites you!
Ouch! That really hurt!
You scratch the worm but do no damage.
The worm is moderately wounded.
The worm bites you!
Ouch! That really hurt!
You die...

#..##### ##..# #.#
#.##### #.w)..#
#..###+###......
#K####.#
#..###_+....#### #.#
#..###'###..# ##.##
#..# #.# #.## ##...##
#..###.###.# ##.....##
#..........#
#.......#######..#####
#......Kw@......##
#.....<.#########
##....(## ##[..##
#####


You could see a worm and a kobold.

Vanquished Creatures
  A leopard gecko (D:1)
  A giant cockroach (D:2)
  3 goblins (D:1)
  A hobgoblin (D:2)
  2 jackals
  A quokka (D:2)
  7 bats
  2 frilled lizards
  2 kobolds (D:1)
  5 rats
25 creatures vanquished.

Notes
Turn   | Place    | Note
-------+----------+-------------------------------------------
     0 | D:1      | MydosGodOfBeginnings the Felid Transmuter began the quest for the Orb.
     0 | D:1      | Reached XP level 1. HP: 9/9 MP: 4/4
   317 | D:1      | Reached XP level 2. HP: 12/12 MP: 4/6
   776 | D:2      | Found a blossoming altar of Fedhas.
   913 | D:2      | Found a burning altar of Makhleb.
  1103 | D:2      | Slain by a worm

Action                   || total
-------------------------++-------
Melee: Unarmed           ||    98
       Headbutt          ||     7
       Bite              ||     6
 Cast: Beastly Appendage ||    15
 Stab: Sleeping          ||     2
Armor: Skin              ||    13
Dodge: Dodged            ||    94
